 Dungeon Crawl Stone Soup version 0.31-a0-963-ga325b2283a (webtiles) character file.

Game seed: 14578483250899943371

90 Maxmaps the Changeling (level 4, -2/28 HPs)
             Began as an Octopode Shapeshifter on Oct 25, 2023.
             Slain by a gnoll
             ... wielding a +0 halberd
              (12 damage)
             ... on level 2 of the Dungeon.
             The game lasted 00:00:37 (575 turns).

Maxmaps the Changeling (Octopode Shapeshifter)       Turns: 575, Time: 00:00:38

Health: -2/28      AC:  1    Str: 13    XL:     4   Next: 56%
Magic:  4/4        EV: 13    Int: 14    God:
Gold:   65         SH:  0    Dex: 11    Spells: 3/3 levels left

rFire   . .          .
                       - Unarmed
rCold   . . .        (no shield)
rNeg    . . .        (helmet currently unavailable)
rPois   .            (no amulet)
rElec   .            (no ring)
rCorr   .            (no ring)
SInv    .            (no ring)
Will    .....        (no ring)
Stlth   ++           (no ring)
HPRegen 0.24/turn    (no ring)
MPRegen 0.09/turn    (no ring)
                     (no ring)

%: no passive effects
@: beast-form
A: beast (slay +2), almost no armour, amphibious, 8 rings, camouflage 1,
gelatinous body 1, (nimble swimmer 1), tentacles
a: Begin Untransformation


You were on level 2 of the Dungeon.
You were a hulking beast.
You visited 1 branch of the dungeon, and saw 2 of its levels.

You collected 65 gold pieces.

Inventory:

Talismans
 b - a beast talisman
 c - a flux talisman
Scrolls
 d - a scroll of vulnerability {unknown}
 e - a scroll of summoning {unknown}
 f - a scroll of teleportation {unknown}
 g - a scroll of noise {unknown}
 h - a scroll of blinking {unknown}
 i - a scroll of identify {unknown}
Potions
 a - a potion of lignification


   Skills:
 - Level 1.0 Fighting
 - Level 2.0 Dodging
 - Level 3.0 Unarmed Combat
 + Level 4.9 Shapeshifting


You had 3 spell levels left.
You didn't know any spells.
Your spell library was empty.

Dungeon Overview and Level Annotations

Branches:
Dungeon (1/15)

Altars:


Innate Abilities, Weirdness & Mutations

You are a hulking beast.
Your limbs bulge with bestial killing power. (Slay +2)
You cannot wear most types of armour.
You are amphibious.
You can wear up to eight rings at the same time.
Your skin changes colour to match your surroundings (Stealth+).
Your rubbery body absorbs attacks. (AC +1, EV +1)
((You are camouflaged when in or above water. (Stealth+)))
You have tentacles for arms and can constrict up to eight enemies at once.


Message History

The gnoll is moderately wounded.
The gnoll barely misses you.
There are monsters nearby!
There are monsters nearby!
You tentacle-slap the gnoll. You grab the gnoll.
The gnoll is severely wounded.
You constrict the gnoll, but do no damage.
The gnoll closely misses you.
There are monsters nearby!
You tentacle-slap the gnoll but do no damage.
You squeeze the gnoll.
You kill the gnoll!
You tentacle-slap the endoplasm. You squeeze the endoplasm.
You kill the endoplasm!
Found a scratched bronze ring.
The gnoll hits you with a +0 halberd!
Things that are here:
a +0 spear; a gnoll corpse You barely miss the gnoll.
Your grab misses the gnoll.
You squeeze the gnoll, but do no damage.
The gnoll hits you with a +0 halberd!
You are too injured to fight recklessly!
You are too injured to fight recklessly!
You are too injured to fight recklessly!
You are too injured to fight recklessly!
You are too injured to fight recklessly!
You are too injured to fight recklessly!
You are too injured to fight recklessly!
You are too injured to fight recklessly!
You are too injured to fight recklessly!
You are too injured to fight recklessly!
You are too injured to fight recklessly!
You are too injured to fight recklessly!
You are too injured to fight recklessly!
You are too injured to fight recklessly!
You are too injured to fight recklessly!
Unknown command.
You closely miss the gnoll. You grab the gnoll. You tentacle-slap the gnoll.
The gnoll is heavily wounded.
You constrict the gnoll. The gnoll hits you with a +0 halberd!
You die...

.. .# .# ... .# ###
..... .# ...
......### .#..###
.........###g#.....
...........h....#
###
................#
#..
...............#
#.#
.........).$#..#
#.# ##........#..#
#.# #........#.=#
#.# ##..†........#
#.#
#####..)....#.#..#
#.#
#...........#.#....
#.#


You could see a gnoll.

Vanquished Creatures
  A hound (D:2)
  Jessica (D:2)
  A gnoll (D:2)
  2 ball pythons (D:1)
  3 endoplasms
  A giant cockroach (D:1)
  5 hobgoblins
  5 kobolds
  A bat (D:1)
  A frilled lizard (D:1)
  2 rats (D:1)
23 creatures vanquished.

Notes
Turn   | Place    | Note
-------+----------+-------------------------------------------
     0 | D:1      | Maxmaps the Octopode Shapeshifter began the quest for the
                  | Orb.
     0 | D:1      | Reached XP level 1. HP: 13/13 MP: 1/1
   170 | D:1      | Reached XP level 2. HP: 18/18 MP: 2/2
   176 | D:1      | Found a faded altar of an unknown god.
   406 | D:1      | You fall into a shaft and drop 1 floor!
   470 | D:2      | Noticed Jessica
   474 | D:2      | Killed Jessica
   475 | D:2      | Reached skill level 4 in Shapeshifting
   475 | D:2      | Reached XP level 3. HP: 18/23 MP: 3/3
   546 | D:2      | Reached XP level 4. HP: 24/28 MP: 4/4
   560 | D:2      | Identified the +7 spear of Ambiguity {drain, rPois Int+3
                  | Dex-2 Stlth+}
   575 | D:2      | Slain by a gnoll

Illustrated notes

Levels and vault maps discovered:
D:1:      minmay_arrival_five_plusses, layout_basic,
          ebering_ecumenical_altar_petrified, minmay_door_square
D:2:      layout_basic, serial_bayou_crossing, uniq_jessica

Skill      XL: |  1  2 |
---------------+-------+-----
Shapeshifting  | 4 |  4.9
Fighting       | |  1.0
Dodging        | |  2.0
Unarmed Combat | |  3.0

Action                     |  1- 3 |  4- 6 || total
---------------------------+-------+-------++-------
  Melee: Unarmed           |    38 |     8 ||    46
         Constrict         |     9 |     2 ||    11
         Tentacles         |     6 |     3 ||     9
         Punch             |     2 |     2 ||     4
   Stab: Sleeping          |     5 |       ||     5
 Armour: Skin              |     9 |     3 ||    12
  Dodge: Dodged            |    17 |     4 ||    21

Table legend: (Time is in decaauts)
 A = Elapsed time spent in this place.
 B = Non-inter-level travel time spent in this place.
 C = Inter-level travel time spent in this place.
 D = Time resting spent in this place.
 E = Time spent auto-exploring this place.
 F = Levels seen in this place.
 G = Mean time per level.
                   A        B        C        D        E       F      G
               +--------+--------+--------+--------+--------+-----+--------+
         Total |    572 |    572 |      0 |     30 |    408 |   2 |  286.0 |
       Dungeon |    572 |    572 |      0 |     30 |    408 |   2 |  286.0 |
               +--------+--------+--------+--------+--------+-----+--------+

Top non-repeatable levels by time:
     D:1: 404 daAuts
     D:2: 167 daAuts
